 Dungeon Crawl Stone Soup version 0.30-a0-341-g682706514a (console) character file.

Game seed: 5332601149441543080

2 petzl the Sneak (level 1, 0/18 HPs)
             Began as a Formicid Delver on Nov 2, 2022.
             Succumbed to an adder's poison
             ... on level 9 of the Dungeon.
             The game lasted 00:02:17 (245 turns).

petzl the Sneak (Formicid Delver)                    Turns: 245, Time: 00:02:17

Health: 0/18       AC:  3    Str: 16    XL:     1   Next: 44%
Magic:  1/1        EV: 12    Int:  9    God:
Gold:   8          SH:  0    Dex: 15    Spells: 0/0 levels left

rFire   . . .      SeeInvis +    a - +0 falchion
rCold   . . .      Faith    .    (no shield)
rNeg    + . .      Spirit   .    b - +0 leather armour
rPois   .          Reflect  .    (helmet unavailable)
rElec   .          Harm     .    (no cloak)
rCorr   .          Rampage  .    (no gloves)
Will    .....                    (no boots)
Stlth   +++.......               (no amulet)
HPRegen 0.23/turn                g - ring of positive energy
MPRegen 0.07/turn                h - ring of flight

@: lethally poisoned (0 -> -1), flying
A: permanent stasis, dig shafts and tunnels, antennae 3, four strong arms
a: Dig, Shaft Self


You were on level 9 of the Dungeon.
You visited 1 branch of the dungeon, and saw 5 of its levels.

You collected 8 gold pieces.

Inventory:

Hand Weapons
 a - a +0 falchion (weapon)
Armour
 b - a +0 leather armour (worn)
Jewellery
 g - a ring of positive energy (left hand)
 h - a ring of flight (right hand)
Wands
 f - a wand of digging (3)
Scrolls
 c - a scroll of fog
 d - a scroll of magic mapping
 e - a scroll of fear


   Skills:
 + Level 3.3 Fighting
 + Level 2.0 Long Blades
 + Level 1.8 Dodging
 + Level 6.0 Stealth


You couldn't memorise any spells.
You didn't know any spells.
Your spell library was empty.

Dungeon Overview and Level Annotations

Branches:
Dungeon (6/15)
 Temple: D:4-7

Altars:

Annotations:
D:6 exclusions: upstairs and water moccasin


Innate Abilities, Weirdness & Mutations

You cannot be hasted, slowed, berserked, paralysed or teleported.
You can dig through walls and to a lower floor.
You have a pair of large antennae on your head. (SInv)
Your four strong arms can wield two-handed weapons with a shield.


Message History

Unknown command.
You barely miss the adder. The adder closely misses you. The adder bites you.
You are poisoned.
The adder poisons you!
Okay, then.
You barely miss the adder.
You feel sick. The adder barely misses you.
You feel sick. The adder bites you.
Are you sure you want to shaft yourself?
You feel sick. The adder misses you.
You begin to dig a shaft.
You continue digging a shaft.
You feel sick. The adder bites you.
* * * LOW HITPOINT WARNING * * *
You are lethally poisoned!
The adder poisons you! A shaft appears beneath you!
You are sucked into a shaft and drop 3 floors!
The shaft crumbles and collapses.
* * * LOW HITPOINT WARNING * * *
You feel sick.
Unknown command.
Unknown command.
Unknown command.
You aren't carrying any potions.
Unknown command.
Unknown command.
You aren't carrying any potions.
Okay, then.
Unknown command.
Unknown command.
Unknown command.
* * * LOW HITPOINT WARNING * * *
You feel sick.
* * * LOW HITPOINT WARNING * * *
You feel sick.
* * * LOW HITPOINT WARNING * * *
You feel sick.
* * * LOW HITPOINT WARNING * * *
You feel sick.
You aren't carrying any potions.
You die...

{ { {
####
#@.#
#...#
#...##
.....#
#..#...
#....###
##. .
.#..


There were no monsters in sight!

Vanquished Creatures
  An endoplasm (D:5)
  A goblin (D:5)
2 creatures vanquished.

Notes
Turn   | Place    | Note
-------+----------+-------------------------------------------
     0 | D:5      | petzl the Formicid Delver began the quest for the Orb.
     0 | D:5      | Reached XP level 1. HP: 18/18 MP: 1/1
   150 | D:6      | Noticed a water moccasin
   232 | D:5      | Noticed an ice beast
   240 | D:6      | You are sucked into a shaft and drop 3 floors!
   245 | D:9      | Succumbed to an adder's poison

Illustrated notes

Levels and vault maps discovered:
D:3:      minmay_wonky_spiral, layout_rooms, serial_shops, shop_coins, hex_tiny,
          uniq_terence
D:4:      layout_basic, lemuel_crystal_altar, gammafunk_ghost_arena,
          grunt_ministairs_8, st_stairs_5, kennysheep_pointless_box,
          nicolae_shop_firing_range
D:5:      layout_rooms, grunt_ministairs_9, serial_bayou_pond_a,
          uniq_crazy_yiuf_cottage, uniq_menkaure
D:6:      gammafunk_steamed_eel, layout_basic
D:9:      layout_big_octagon, david_orc_3, serial_shops, nicolae_square_shop,
          uniq_erolcha

Action                   || total
-------------------------++-------
Melee: Falchion          ||     4
 Abil: Shaft Self        ||     1
Armor: Leather armour    ||     3
Dodge: Dodged            ||     9

Table legend: (Time is in decaauts)
 A = Elapsed time spent in this place.
 B = Non-inter-level travel time spent in this place.
 C = Inter-level travel time spent in this place.
 D = Time resting spent in this place.
 E = Time spent auto-exploring this place.
 F = Levels seen in this place.
 G = Mean time per level.
                   A        B        C        D        E       F      G
               +--------+--------+--------+--------+--------+-----+--------+
         Total |    246 |    246 |      0 |      0 |     11 |   5 |   49.2 |
       Dungeon |    246 |    246 |      0 |      0 |     11 |   5 |   49.2 |
               +--------+--------+--------+--------+--------+-----+--------+

Top non-repeatable levels by time:
     D:6: 124 daAuts
     D:5: 90 daAuts
     D:4: 24 daAuts
     D:9: 4 daAuts
     D:3: 1 daAuts
